 Dungeon Crawl Stone Soup version 0.24-a0-284-g9fb9971df1 (webtiles) character file.

Game seed: 13710759725783496040

115 Redear the Skirmisher (level 4, -1/36 HPs)
             Began as a Demonspawn Chaos Knight on May 7, 2019.
             Was a Plaything of Xom.
             Slain by an orc
             ... wielding a +2 trident of venom
              (5 damage)
             ... on level 3 of the Dungeon.
             The game lasted 00:06:31 (2928 turns).

Redear the Skirmisher (Demonspawn Chaos Knight)     Turns: 2928, Time: 00:06:32

Health: -1/36      AC:  5    Str: 13    XL:     4   Next: 68%
Magic:  4/4        EV: 12    Int: 14    God:    Xom [.*....]
Gold:   122        SH:  0    Dex: 14    Spells: 3/3 levels left

rFire    . . .     SeeInvis .   a - +0 hand axe (chaos)
rCold    . . .     Gourm    .   (no shield)
rNeg     . . .     Faith    .   b - +2 leather armour
rPois    .         Spirit   .   (no helmet)
rElec    .         Reflect  .   (no cloak)
rCorr    .         Harm     .   (no gloves)
MR       +....                  (no boots)
Stlth    +.........             (no amulet)
HPRegen  0.12/turn              m - ring of protection from magic {MR+}
MPRegen  0.09/turn              (no ring)

@: lethally poisoned (-1 -> -5)
A: hooves 1, thin skeletal structure 1
a: Renounce Religion


You were on level 3 of the Dungeon.
You worshipped Xom.
You were a plaything of Xom.
You were not hungry.

You visited 1 branch of the dungeon, and saw 3 of its levels.

You collected 122 gold pieces.

Inventory:

Hand Weapons
 a - a +0 hand axe of chaos (weapon)
 f - a +0 hand axe
Missiles
 c - 7 exploding tomahawks (quivered)
 e - a stone
Armour
 b - a +2 leather armour (worn)
 j - a +0 large shield
Jewellery
 m - a ring of protection from magic (left hand) {MR+}
Scrolls
 g - 3 scrolls of identify {unknown}
 N - 2 scrolls of remove curse {@r2}
Potions
 d - a potion of brilliance {Archmagi Int+5 Wiz++}
Comestibles
 z - 8 rations


   Skills:
 + Level 3.6 Fighting
 + Level 3.4 Axes
 + Level 2.6 Armour
 + Level 2.0 Dodging
 + Level 1.0 Shields


You had 3 spell levels left.
You didn't know any spells.
Your spell library was empty.

Dungeon Overview and Level Annotations

Branches:
Dungeon (3/15)

Altars:
Nemelex Xobeh
Trog

Annotations:
D:3 Ijyb


Innate Abilities, Weirdness & Mutations

You have large cloven feet.
You have a somewhat thin skeletal structure. (Dex +2, Stealth)


Message History

The orc priest barely misses the orc.
The orc hits you from afar with a +2 trident of venom.
* * * LOW HITPOINT WARNING * * *
You are lethally poisoned!
The orc hits you but does no damage.
You take 5 damage, and have 5/35 hp.
Okay, then.
You aren't carrying any items that you can evoke.
Unknown command.
Okay, then.
You slash the orc priest!
You kill the orc priest!
Your Dodging skill increases to level 2!
Your Shields skill increases to level 1!
You closely miss the orc. You hit the orc.
* * * LOW HITPOINT WARNING * * *
You feel sick.
The kobold seems less confused.
The orc barely misses you.
The orc hits you from afar with a +2 trident of venom.
You die... "Boring in life, boring in death..."

,,**,*,,,,,,,,* #[**
,,*,,*,,,,,,,,* #.*
,,*,*,,,,,,,,,* #.*
,,,,,,,,,,,,,,* ##.##
,,,>,,,******** #...# ,,,,,,,*
*#.)# ,**,*,,* *#.########
,**,*,,*###########........#
,**,,,,,.......)@....#####.##
,,****,,*#.##.#oo....####...###**
*,****,,**,**,#o##.#.##........,,
,,,,,,,,*#......##.#.##.#...###**
,******,*#.##K####.#.##.##.## ,,*
*,,,,...***#.#........# ,,*
***,..#,,,,..##.#####.# ,,*
#...*****####....#*,* *** #..,*
*#.†<.#*,*****


You could see 3 orcs and a kobold.

Vanquished Creatures
  An orc priest (D:3)
  An adder (D:2)
  2 oozes
  An adder skeleton (D:2)
  A worm (D:2)
  A dart slug (D:2)
  2 leopard geckos
  5 orcs
  10 bats
  2 giant cockroaches
  6 goblins
  3 hobgoblins
  A ball python (D:2)
  9 frilled lizards
  6 kobolds
  6 rats
57 creatures vanquished.

Notes
Turn   | Place    | Note
-------+----------+-------------------------------------------
     0 | D:1      | Redear the Demonspawn Chaos Knight began the quest for the
                  | Orb.
     0 | D:1      | Reached XP level 1. HP: 18/18 MP: 1/1
   102 | D:1      | Reached skill level 1 in Dodging
   150 | D:1      | Reached skill level 2 in Armour
   204 | D:1      | XOM: cloud trail
   217 | D:1      | XOM: divination: detect items
   220 | D:1      | Gained mutation: You have a somewhat thin skeletal
                  | structure. (Dex +2, Stealth) [demonic ancestry]
   220 | D:1      | Reached XP level 2. HP: 24/24 MP: 2/2
   283 | D:1      | Reached skill level 3 in Axes
   521 | D:1      | XOM: harmless Tloc miscast
   624 | D:2      | Found a sparkling altar of Nemelex Xobeh.
   632 | D:2      | XOM: harmless Ice miscast
   639 | D:2      | Gained mutation: You have large cloven feet. [demonic
                  | ancestry]
   639 | D:2      | Reached XP level 3. HP: 16/29 MP: 3/3
   930 | D:2      | Found a faded altar of an unknown god.
  1079 | D:2      | Found a bloodstained altar of Trog.
  1384 | D:2      | Noticed Sigmund
  1387 | D:2      | XOM: potion effect (brilliance)
  1402 | D:2      | HP: 2/29 [something/puff of flame (2)]
  1680 | D:3      | XOM: harmless Hex miscast
  1747 | D:3      | Noticed Ijyb
  1755 | D:3      | XOM: noise
  1889 | D:2      | XOM: harmless Summ miscast
  2016 | D:2      | Reached XP level 4. HP: 35/35 MP: 4/4
  2200 | D:2      | XOM: butterfly on damage
  2293 | D:2      | XOM: confusion (+ monsters)
  2319 | D:2      | Noticed Sigmund
  2319 | D:2      | Sigmund changed into Sigmund the kobold
  2319 | D:2      | Killed Sigmund the kobold
  2699 | D:2      | XOM: cloud trail
  2916 | D:3      | XOM: confusion (+ monsters)
  2928 | D:3      | Reached skill level 2 in Dodging
  2928 | D:3      | Reached skill level 1 in Shields
  2928 | D:3      | Slain by an orc

Levels and vault maps discovered:
D:1:      zaba_arrival_water, layout_basic, minmay_box_of_dots
D:2:      layout_loops_corners, lemuel_round_altar, marbit_many_paths,
          chequers_ecumenical_altar_simple_redux, minmay_misc_feat_pillars,
          uniq_sigmund
D:3:      layout_loops_cross, regret_index_temple_of_mockery,
          ashenzari_conservatory_becter, first_ration, uniq_ijyb

Skill      XL: |  1  2  3  4 |
---------------+-------------+-----
Dodging        | 1 2 |  2.0
Armour         | 2 |  2.6
Axes           | 3 |  3.4
Shields        | 1 |  1.0
Fighting       | |  3.6

Action                   |  1- 3 |  4- 6 || total
-------------------------+-------+-------++-------
Melee: Hand axe          |   117 |    44 ||   161
       Kick              |    14 |    15 ||    29
  Use: Scroll            |     4 |       ||     4
       Potion            |     1 |     1 ||     2
 Stab: Paralysed         |     1 |       ||     1
       Sleeping          |     2 |       ||     2
  Eat: Chunk             |     2 |     2 ||     4
       Ration            |       |     1 ||     1
Armor: Leather armour    |    47 |    11 ||    58
Dodge: Dodged            |    87 |    35 ||   122

Table legend:
 A = Non-vault XP
 B = Vault XP
 C = Vault XP percentage of total XP
 D = Non-vault monster count
 E = Vault monster count
 F = Vault count percentage of total count
                 A         B        C        D         E       F
            +---------+---------+-------+---------+---------+-------
      Total |     159 |       6 |   3.6 |      54 |       3 |   5.3
            +---------+---------+-------+---------+---------+-------
        D:1 |      32 |       3 |   8.6 |      19 |       1 |   5.0
        D:2 |      73 |       3 |   3.9 |      27 |       2 |   6.9
        D:3 |      54 |       0 |   0.0 |       8 |       0 |   0.0
            +---------+---------+-------+---------+---------+-------
